 Dungeon Crawl Stone Soup version 0.30-a0-377-g5cb311bc9f (webtiles) character file.

Game seed: 59289130404840704

125 qeuew the Trooper (level 4, 0/35 HPs)
             Began as a Demonspawn Chaos Knight on Nov 29, 2022.
             Was a Plaything of Xom.
             Slain by a crimson imp (3 damage)
             ... summoned by Xom
             ... on level 3 of the Dungeon.
             The game lasted 00:03:22 (2491 turns).

qeuew the Trooper (Demonspawn Chaos Knight)         Turns: 2491, Time: 00:03:24

Health: 0/35       AC:  5    Str: 15      XL:     4   Next: 82%
Magic:  4/4        EV: 11    Int: 10 (11) God:    Xom [.*....]
Gold:   153        SH:  0    Dex: 12 (18) Spells: 3/3 levels left

rFire   . . .      SeeInvis .    a - +1 mace (chaos)
rCold   . . .      Faith    .    (no shield)
rNeg    . . .      Spirit   .    b - +2 leather armour
rPois   .          Reflect  .    (helmet restricted)
rElec   .          Harm     .    (no cloak)
rCorr   .          Rampage  .    (no gloves)
Will    .....                    (no boots)
Stlth   +.........               (no amulet)
HPRegen 0.25/turn                e - +6 ring of dexterity
MPRegen 0.18/turn                (no ring)

@: no status effects
A: claws 1, horns 1, magic regeneration, dopey 1, high MP 1, inability to read
after injury 1
a: Renounce Religion


You were on level 3 of the Dungeon.
You worshipped Xom.
You were a plaything of Xom.
You visited 1 branch of the dungeon, and saw 3 of its levels.

You collected 153 gold pieces.

Inventory:

Hand Weapons
 a - a +1 mace of chaos (weapon)
Armour
 b - a +2 leather armour (worn)
Jewellery
 e - a +6 ring of dexterity (left claw)
Scrolls
 d - a scroll of identify
 f - a scroll of blinking {unknown}
Miscellaneous
 c - a piece from Xom's chessboard (15/15) (quivered)


   Skills:
 + Level 3.5 Fighting
 + Level 3.1 Maces & Flails
 * Level 3.0 Armour
 + Level 1.6 Dodging
 + Level 1.7 Evocations


You had 3 spell levels left.
You didn't know any spells.
Your spell library contained the following spells:

 Spells                   Type           Power      Damage    Failure   Level
 Beastly Appendage        Tmut           0%         N/A       43%         1
 Wereblood                Tmut           0%         N/A       56%         2
 Spider Form              Tmut/Pois      0%         N/A       80%         3


Dungeon Overview and Level Annotations

Branches:
Dungeon (3/15)

Altars:


Innate Abilities, Weirdness & Mutations

You have sharp fingernails.
You have a pair of small horns on your head.
You regenerate magic rapidly.
You are dopey. (Int -2)
You have an increased reservoir of magic. (+10% MP)
You occasionally lose the ability to read scrolls when taking damage.


Message History

The quasit is severely wounded.
The quasit barely misses you. x2
The quasit claws you but does no damage.
The crimson imp hits you.
* * * LOW HITPOINT WARNING * * *
The quasit bites you but does no damage.
The quasit claws you but does no damage. x2
You hit the quasit. You headbutt the quasit.
The quasit is almost dead.
The crimson imp barely misses you. The quasit barely misses you.
The quasit claws you but does no damage. x2
The crimson imp grinds its teeth.
The crimson imp barely misses you.
You hit the quasit.
You kill the quasit!
The quasit disappears in a puff of smoke!
The shadow imp gestures at you. Pain shoots through your body!
You feel threatened and lose the ability to read scrolls!
* * * LOW HITPOINT WARNING * * *
The crimson imp blinks!
The shadow imp hits you.
* * * LOW HITPOINT WARNING * * *
Unknown command.
You aren't carrying any potions.
You closely miss the shadow imp.
The shadow imp hits you but does no damage.
The crimson imp blinks!
You closely miss the shadow imp. You headbutt the shadow imp!
The shadow imp is severely wounded.
You can read scrolls again.
The shadow imp hits you.
* * * LOW HITPOINT WARNING * * *
You hit the shadow imp.
The shadow imp convulses.
The shadow imp is almost dead.
The shadow imp closely misses you.
The crimson imp hits you but does no damage.
The shadow imp completely misses you. The crimson imp hits you.
You die...
Xom yawns loudly!

.. .. #. ..
#. # ###.
.#
#...##.####
#..5....#
##@#.##.#
#.5..##
##.#..#
#.....#
##..#.##.#
####
#........#
###..#
##.#######
.....# #.#
.....# #.#


You could see a crimson imp (summoned) and a shadow imp (summoned).

Vanquished Creatures
  Natasha (twice) (D:3)
  An adder (D:2)
  A dart slug (D:2)
  5 orcs (D:2)
  A bat (D:1)
  4 endoplasms
  2 giant cockroaches
  7 goblins
  6 hobgoblins
  4 jackals (D:3)
  9 kobolds
  A quokka (D:3)
  6 ball pythons
  4 frilled lizards
  8 rats
61 creatures vanquished.

Notes
Turn   | Place    | Note
-------+----------+-------------------------------------------
     0 | D:1      | qeuew the Demonspawn Chaos Knight began the quest for the
                  | Orb.
     0 | D:1      | Reached XP level 1. HP: 18/18 MP: 1/1
    56 | D:1      | XOM: silly message
   126 | D:1      | XOM: blink monster(s)
   133 | D:1      | XOM: noise
   135 | D:1      | Reached skill level 1 in Dodging
   192 | D:1      | Discovered your monstrous ancestry.
   192 | D:1      | Gained mutation: You have a pair of small horns on your
                  | head. [demonic ancestry]
   192 | D:1      | Reached XP level 2. HP: 22/24 MP: 2/2
   967 | D:2      | XOM: 5-stop teleportation journey
  1032 | D:2      | Gained mutation: You regenerate magic rapidly. [demonic
                  | ancestry]
  1032 | D:2      | Reached XP level 3. HP: 29/29 MP: 3/3
  1056 | D:2      | XOM: smoke on damage
  1070 | D:2      | Reached skill level 1 in Evocations
  1466 | D:2      | XOM: give mutations
  1466 | D:2      | Gained mutation: You are dopey. (Int -2) [Xom's mischief]
  1466 | D:2      | Gained mutation: You have an increased reservoir of magic.
                  | (+10% MP) [Xom's mischief]
  1466 | D:2      | Gained mutation: You occasionally lose the ability to read
                  | scrolls when taking damage. [Xom's mischief]
  1574 | D:2      | XOM: noise
  1906 | D:3      | Gained mutation: You have sharp fingernails. [demonic
                  | ancestry]
  1906 | D:3      | Reached XP level 4. HP: 33/35 MP: 4/4
  1956 | D:3      | Noticed Natasha
  1962 | D:3      | Killed Natasha
  2268 | D:3      | XOM: noise
  2462 | D:3      | Noticed Natasha
  2470 | D:3      | Killed Natasha
  2470 | D:3      | XOM: summons 3 hostile demons
  2491 | D:3      | Slain by a crimson imp

Illustrated notes

Levels and vault maps discovered:
D:1:      lemuel_arrival_behind_the_door_large, layout_basic, bh_walls_and_bars
D:2:      layout_loops_corners
D:3:      layout_loops_cross, chequers_ecumenical_altar_lobes, st_stairs_1,
          uniq_natasha

Skill      XL: |  1  2  3  4 |
---------------+-------------+-----
Armour         | 2 3 |  3.0
Dodging        | 1 |  1.6
Evocations     | 1 |  1.7
Maces & Flails | 3 |  3.1
Fighting       | |  3.5

Action                   |  1- 3 |  4- 6 || total
-------------------------+-------+-------++-------
Melee: Mace              |   121 |    50 ||   171
       Headbutt          |    14 |     7 ||    21
  Use: Scroll            |     7 |       ||     7
       Potion            |     2 |       ||     2
 Stab: Sleeping          |       |     1 ||     1
Armor: Leather armour    |    51 |    43 ||    94
Dodge: Dodged            |    63 |    71 ||   134

Table legend: (Time is in decaauts)
 A = Elapsed time spent in this place.
 B = Non-inter-level travel time spent in this place.
 C = Inter-level travel time spent in this place.
 D = Time resting spent in this place.
 E = Time spent auto-exploring this place.
 F = Levels seen in this place.
 G = Mean time per level.
                   A        B        C        D        E       F      G
               +--------+--------+--------+--------+--------+-----+--------+
         Total |   2534 |   2502 |     32 |      0 |   2062 |   3 |  844.7 |
       Dungeon |   2534 |   2502 |     32 |      0 |   2062 |   3 |  844.7 |
               +--------+--------+--------+--------+--------+-----+--------+

Top non-repeatable levels by time:
     D:2: 994 daAuts
     D:1: 926 daAuts
     D:3: 613 daAuts
